 Dungeon Crawl Stone Soup version 0.27.1 (webtiles) character file.

Game seed: 6334716709103402840

108620 Kinoniko the Executioner (level 16, -4/217 (223) HPs)
             Began as a Hill Orc Berserker on Sept 3, 2021.
             Was the Champion of Trog.
             Slain by a naga warrior (27 damage)
             ... on level 1 of the Snake Pit.
             The game lasted 00:29:32 (24156 turns).

Kinoniko the Executioner (Hill Orc Berserker)      Turns: 24156, Time: 00:29:32

HP:   -4/217 (223)  AC: 30    Str: 27    XL:     16   Next: 50%
MP:   16/16         EV:  9    Int:  7    God:    Trog [******]
Gold: 262           SH:  0    Dex: 17    Spells: 15/15 levels left

rFire    + . .     SeeInvis .   J - +9 executioner's axe (vorpal)
rCold    . . .     Faith    +   (shield currently unavailable)
rNeg     . . .     Spirit   .   w - +4 chain mail of the Sparrow {rPois}
rPois    .         Reflect  .   j - +2 helmet
rElec    .         Harm     .   V - +2 cloak of Fase {Regen+}
rCorr    +         Rampage  .   F - +0 pair of gloves
Will     +....                  f - +2 pair of boots
Stlth    ..........             P - amulet of faith
HPRegen  1.46/turn              N - ring of the Peasants {rCorr Dex+7}
MPRegen  0.15/turn              M - ring of protection from fire

@: berserking, lethally poisoned (-4 -> -6), poison vulnerable, constricted,
lightly drained, very quick
A: no striking features
a: Renounce Religion, Berserk, Trog's Hand, Brothers in Arms


You were on level 1 of the Snake Pit.
You worshipped Trog.
Trog was exalted by your worship.
You visited 4 branches of the dungeon, and saw 25 of its levels.
You also visited: Bailey and Gauntlet.

You collected 3167 gold pieces.
You spent 2905 gold pieces at shops.

Inventory:

Hand Weapons
 k - the +8 Wrath of Trog {antimagic, *Rage Rampage}
   (You found it in a bailey)

   It reduces the magical energy of the wielder, and disrupts the spells and
   magical abilities of those it strikes.
   Natural abilities and divine invocations are not affected.
   It causes slowness and exhaustion when equipped.
   It extends the wielder's berserk rage when killing foes.
   *Rage:     It may make you go berserk in combat.
   Rampage:   It bestows one free step when moving towards enemies.
 v - the +5 triple crossbow "Noefusch" {flame, Fly Int-3 Stlth+}
   (You found it on level 4 of the Dungeon)

   Any ammunition fired from it burns those it strikes, dealing additional fire
   damage.
   Int:       It affects your intelligence (-3).
   Fly:       It grants you flight.
   Stlth:     It makes you more stealthy.
 J - a +9 vorpal executioner's axe (weapon)
 R - the +5 bardiche "Tiyhatat" {spect, rElec Int+2}
   (You found it in a bailey)

   When its wielder attacks, the weapon's spirit leaps out and strikes again.
   The spirit shares a part of any damage it takes with its wielder.
   Int:       It affects your intelligence (+2).
   rElec:     It insulates you from electricity.
Missiles
 e - 3 throwing nets (quivered)
 X - 11 javelins
Armour
 a - the +0 plate armour "Imyud" {rPois rN+ rCorr MP+9}
   (You bought it in a shop on level 2 of the Orcish Mines)

   rPois:     It protects you from poison.
   rN:        It protects you from negative energy.
   MP:        It affects your magic capacity (+9).
   rCorr:     It protects you from acid and corrosion.
 f - a +2 pair of boots (worn)
 g - the +10 tower shield of Ignorance {rN+ Int-4}
   (You found it on level 3 of the Lair of Beasts)

   Int:       It affects your intelligence (-4).
   rN:        It protects you from negative energy.
 j - a +2 helmet (worn)
 w - the +4 chain mail of the Sparrow (worn) {rPois}
   (You found it on level 4 of the Dungeon)

   rPois:     It protects you from poison.
 F - a +0 pair of gloves (worn)
 H - the +5 swamp dragon scales of Going Fast {rPois Str+2 Int+2}
   (You bought it in a shop on level 2 of the Orcish Mines)

   Str:       It affects your strength (+2).
   Int:       It affects your intelligence (+2).
   rPois:     It protects you from poison.
 V - the +2 cloak of Fase (worn) {Regen+}
   (You found it in a Gauntlet)

   Regen:     It increases your rate of health regeneration.
Jewellery
 m - a +4 ring of protection
 x - an amulet of regeneration
 B - an amulet of guardian spirit
 K - a ring of positive energy
 M - a ring of protection from fire (right hand)
 N - the ring of the Peasants (left hand) {rCorr Dex+7}
   (You found it on level 10 of the Dungeon)

   [ring of resist corrosion]

   Dex:       It affects your dexterity (+7).
   rCorr:     It protects you from acid and corrosion.
 P - an amulet of faith (around neck)
 W - a ring of poison resistance
 Z - a ring of flight
Wands
 h - a wand of polymorph (19)
 n - a wand of digging (6)
 o - a wand of acid (13)
 t - a wand of iceblast (57)
 E - a wand of flame (66)
 T - a wand of charming (18)
 U - a wand of mindburst (29)
 Y - a wand of paralysis (6)
Scrolls
 b - 4 scrolls of identify
 d - 3 scrolls of teleportation
 l - 5 scrolls of blinking
 r - a scroll of silence
 u - a scroll of holy word
 y - 5 scrolls of immolation
 A - a scroll of magic mapping
 I - 3 scrolls of fog
 Q - a scroll of enchant weapon
 S - 2 scrolls of brand weapon
Potions
 c - 6 potions of might
 i - 8 potions of curing
 p - 4 potions of heal wounds
 q - 3 potions of lignification
 s - 3 potions of mutation
 z - 4 potions of flight
 C - a potion of berserk rage
 D - 9 potions of attraction
 G - 2 potions of invisibility
 L - 3 potions of resistance
 O - 2 potions of brilliance


   Skills:
 + Level 15.4 Fighting
 * Level 24.0 Axes
 + Level 15.3 Armour
 + Level 5.5 Dodging


You had 15 spell levels left.
You didn't know any spells.
Your spell library was empty.

Dungeon Overview and Level Annotations

Branches:
Dungeon (15/15)            Temple (0/1) D:7            Lair (6/6) D:9
  Swamp (0/4) Lair:3        Snake (2/4) Lair:3        Slime (0/5) Lair:6
    Orc (2/2) D:9             Elf (0/3) Orc:2        Vaults (0/5) D:14
 Depths (0/5) D:15         Bailey (visited)         Gauntlet (visited)

Altars:
Ashenzari
Dithmenos
Gozag
Nemelex Xobeh
Trog
Uskayaw
Wu Jian
Xom
The Shining One
Beogh

Shops:
D:5 =   D:12 *   Orc:2 *=[:

Portals:
Abyss: Lair:6

Annotations:
D:13 2 runed translucent doors, dengdeng's ghost, journeyman MiBe
Lair:6 2 transporters, Viased's ghost, journeyman TeMo


Message History

The naga warrior completely misses you. The naga warrior misses you.
You barely miss the naga sharpshooter. The naga warrior blocks your attack.
You feel sick.
The naga warrior hits you from afar with a +0 trident!!
* * * LOW HITPOINT WARNING * * *
The naga sharpshooter unwields a +0 shortbow.
The naga sharpshooter wields a +0 flail.
The naga sharpshooter barely misses you. x2
You slash the naga sharpshooter!
The naga sharpshooter is lightly wounded.
You slash the naga warrior!
You feel very sick.
The naga warrior hits you but does no damage.
You feel drained. The naga warrior grabs you. The naga warrior constricts you.
Unknown command.
You closely miss the naga sharpshooter.
The naga sharpshooter is lightly wounded.
You cut the naga warrior into ribbons!!!
You feel sick.
The naga warrior hits you from afar with a +0 trident.
* * * LOW HITPOINT WARNING * * *
Unknown command.
The naga warrior blocks your attack.
The naga warrior is severely wounded.
You slash the naga sharpshooter!
You feel sick.
The naga sharpshooter no longer looks unusually strong.
The naga warrior hits you with a +2 war axe of draining!
* * * LOW HITPOINT WARNING * * *
You feel drained.
* * * LOW HITPOINT WARNING * * *
The naga warrior constricts you.
The naga sharpshooter unwields a +0 flail.
The naga sharpshooter wields a +0 shortbow.
The naga sharpshooter shoots an arrow.
The arrow hits you!
* * * LOW HITPOINT WARNING * * *
You barely miss the naga warrior.
The naga warrior is heavily wounded.
You closely miss the naga sharpshooter.
You feel sick.
The naga warrior hits you from afar with a +0 trident!!
You die...

**###### ########### *,......
#.........# *,,.....
###.........# *,,.....
#....N.....)# ***#...#
*,#.N.@).)>.# #...#
**,#...N.....# #<..#
****,,#.........# ##...#
**,,,**##+#############..>.#
*,,*****,,,** **#.>......# *,**
*,,,,,* *...####...# ******,*
*,,,,,* ***.*** #...#
,,,,,,,*****,,,,,***,,,*#####.###
,***,,,,,,**,,∩,,*#..####.....#


You could see 2 naga warriors and a naga sharpshooter (catching breath).

Vanquished Creatures
  Rupert (Lair:5)
  A minotaur (Gauntlet)
  A blizzard demon (Gauntlet)
  Snorg (D:14)
  Fannar (D:10)
  2 fire dragons (D:15)
  4 boulder beetles
  An ogre mage (D:15)
  Erolcha (D:12)
  11 hydras
  9 centaur warriors
  A death scarab (Gauntlet)
  2 catoblepae
  6 death yaks
  6 two-headed ogres
  A tengu warrior (D:13)
  A fire crab (Lair:6)
  9 skeletal warriors
  A naga ritualist (Snake:1)
  A wolf spider (D:15)
  3 lindwurms (Lair:6)
  4 oklob plants (Lair:3)
  A spectral boulder beetle (Gauntlet)
  3 manticores
  2 deep elf pyromancers
  7 cyclopes
  4 orc knights
  15 ugly things
  2 centaur zombies
  A worldbinder (Gauntlet)
  5 elephants
  A black mamba (shapeshifter) (D:13)
  9 black mambas
  2 unseen horrors (D:12)
  A cane toad (shapeshifter) (D:14)
  A torpor snail (Lair:6)
  A kobold demonologist (D:12)
  17 cane toads
  An efreet (D:15)
  4 rime drakes
  14 komodo dragons
  A freezing wraith (D:14)
  A troll (Orc:2)
  4 meliai
  12 polar bears
  15 blink frogs
  3 raiju (Lair:6)
  7 dream sheep (Lair:5)
  2 shadows
  A human (shapeshifter) (D:15)
  A wraith (D:13)
  5 wyverns
  45 yaks
  6 basilisks
  8 wargs
  3 nagas (Lair:3)
  2 swamp worms (Lair:3)
  16 water moccasins
  An acid dragon (D:13)
  14 hell hounds (Lair:6)
  34 orc warriors
  An ice beast (D:5)
  4 sky beasts
  2 necrophages (D:6)
  12 black bears
  22 wolves
  2 boggarts (Gauntlet)
  28 centaurs
  9 ogres
  2 kobold brigands
  A gnoll sergeant (D:7)
  A scorpion (D:4)
  13 bullfrogs
  A water moccasin zombie (D:4)
  10 killer bees (D:11)
  9 wights (D:8)
  A howler monkey (D:5)
  3 hounds
  2 bullfrog skeletons
  12 orc priests
  A gnoll shaman (D:8)
  15 jellies
  A centaur skeleton (D:4)
  An iguana (D:4)
  18 orc wizards
  6 hell rats
  2 hound skeletons (D:5)
  2 howler monkey zombies
  A howler monkey skeleton (D:7)
  13 gnolls
  11 adders
  12 river rats (Lair:1)
  A shadow imp (D:7)
  An ufetubus (D:6)
  2 worms
  2 dart slugs
  77 orcs
  7 ball pythons
  11 endoplasms
  3 giant cockroaches
  17 goblins
  5 hobgoblins
  3 quokkas
  7 bats
  6 frilled lizards
  13 kobolds
  6 rats
  A fungus (Lair:5)
720 creatures vanquished.

Vanquished Creatures (collateral kills)
  A hydra (Lair:5)
  Sonja (D:10)
  A blink frog (Lair:5)
  7 orc warriors (Orc:2)
  A centaur (Orc:2)
  4 orcs (Orc:2)
15 creatures vanquished.

Vanquished Creatures (others)
  An orc wizard (D:7)
  5 demonic plants (Gauntlet)
  20 fungi
  61 plants
87 creatures vanquished.

Grand Total: 822 creatures vanquished

Notes
Turn   | Place    | Note
-------+----------+-------------------------------------------
     0 | D:1      | Kinoniko the Hill Orc Berserker began the quest for the
                  | Orb.
     0 | D:1      | Reached XP level 1. HP: 19/19 MP: 1/1
   390 | D:1      | Reached XP level 2. HP: 26/26 MP: 2/2
   555 | D:1      | Reached skill level 5 in Axes
   938 | D:1      | Reached XP level 3. HP: 31/31 MP: 3/3
  1191 | D:2      | You fall into a shaft and drop 2 floors!
  1214 | D:4      | Reached skill level 6 in Axes
  1353 | D:3      | Reached XP level 4. HP: 36/39 MP: 4/4
  1534 | D:2      | Reached ** piety under Trog
  1974 | D:2      | Reached skill level 7 in Axes
  2302 | D:2      | Reached XP level 5. HP: 44/45 MP: 5/5
  2558 | D:3      | Found a shimmering altar of Xom.
  3298 | D:4      | Reached skill level 8 in Axes
  3424 | D:4      | Reached XP level 6. HP: 51/51 MP: 6/6
  3584 | D:4      | Identified the +5 triple crossbow "Noefusch" {flame, Fly
                  | Int-3 Stlth+}
  3736 | D:4      | Reached *** piety under Trog
  3740 | D:4      | Identified the +4 chain mail of the Sparrow {rPois}
  3977 | D:5      | Entered Level 5 of the Dungeon
  4016 | D:5      | Found a hide-covered altar of Uskayaw.
  4016 | D:5      | Found a shadowy altar of Dithmenos.
  4020 | D:5      | Reached skill level 9 in Axes
  4029 | D:5      | Noticed an ice beast
  4043 | D:5      | Killed an ice beast
  4044 | D:5      | Reached XP level 7. HP: 57/57 MP: 7/7
  4269 | D:5      | Reached skill level 10 in Axes
  4615 | D:5      | Found Paidugem's Jewellery Boutique.
  5033 | D:6      | Reached skill level 5 in Armour
  5033 | D:6      | Reached XP level 8. HP: 64/64 MP: 8/8
  5035 | D:6      | Reached skill level 11 in Axes
  5167 | D:6      | Found an ornate altar of the Wu Jian Council.
  5858 | D:7      | Reached skill level 12 in Axes
  5858 | D:7      | Noticed a wyvern
  5867 | D:7      | Killed a wyvern
  5925 | D:7      | Found a staircase to the Ecumenical Temple.
  6021 | D:7      | Reached **** piety under Trog
  6099 | D:7      | Reached XP level 9. HP: 63/70 MP: 9/9
  6191 | D:7      | Reached skill level 13 in Axes
  6923 | D:8      | Found a bloodstained altar of Trog.
  6926 | D:8      | Found a sparkling altar of Nemelex Xobeh.
  6968 | D:8      | Found a glowing golden altar of the Shining One.
  6982 | D:8      | Found an opulent altar of Gozag.
  7106 | D:8      | Noticed a boulder beetle
  7118 | D:8      | Killed a boulder beetle
  7119 | D:8      | Reached skill level 5 in Fighting
  7119 | D:8      | Reached skill level 14 in Axes
  7119 | D:8      | Reached XP level 10. HP: 76/83 MP: 10/10
  7645 | D:9      | Noticed an elephant
  7646 | D:9      | Found a staircase to the Lair.
  7646 | D:9      | Noticed a death yak
  7656 | D:9      | Killed an elephant
  7657 | D:9      | Reached skill level 15 in Axes
  7666 | D:9      | Killed a death yak
  7727 | D:9      | Found a staircase to the Orcish Mines.
  7993 | D:9      | Found a roughly hewn altar of Beogh.
  8111 | D:10     | Entered Level 10 of the Dungeon
  8261 | D:10     | Noticed a two-headed ogre
  8266 | D:10     | Killed a two-headed ogre
  8330 | D:10     | Reached skill level 16 in Axes
  8366 | D:10     | Noticed Fannar
  8376 | D:10     | Killed Fannar
  8377 | D:10     | Reached XP level 11. HP: 94/94 MP: 11/11
  8489 | D:10     | Noticed a brown ugly thing
  8489 | D:10     | Noticed a cyclops
  8501 | D:10     | Killed a brown ugly thing
  8515 | D:10     | Killed a cyclops
  8552 | D:10     | Identified the ring of the Peasants {rCorr Dex+7}
  8559 | D:10     | Identified the +2 leather armour "Cudedd" {rElec rN+}
  8567 | D:10     | Reached skill level 10 in Armour
  8871 | D:10     | Noticed Sonja
  8896 | D:10     | Killed Sonja
  8897 | D:10     | Reached skill level 17 in Axes
  9185 | Lair:1   | Entered Level 1 of the Lair of Beasts
  9478 | Lair:1   | Reached ***** piety under Trog
  9770 | Lair:1   | Noticed a seven-headed hydra
  9779 | Lair:1   | Killed a 12-headed hydra
  9941 | Lair:1   | Reached XP level 12. HP: 97/106 MP: 12/12
 10360 | Lair:1   | Reached skill level 10 in Fighting
 10360 | Lair:1   | Reached skill level 18 in Axes
 10499 | Lair:1   | Noticed a six-headed hydra
 10510 | Lair:1   | Killed a 12-headed hydra
 10715 | Lair:2   | Noticed an eight-headed hydra
 10723 | Lair:2   | Killed a 13-headed hydra
 11066 | Lair:2   | Noticed an eight-headed hydra
 11075 | Lair:2   | Killed a 13-headed hydra
 11803 | Lair:3   | Found a staircase to the Snake Pit.
 12014 | Lair:3   | Found a staircase to the Swamp.
 12026 | Lair:3   | Reached skill level 19 in Axes
 12699 | Lair:3   | Found the +10 tower shield of Ignorance {rN+ Int-4}
 12878 | Lair:4   | Reached XP level 13. HP: 116/116 MP: 13/13
 13132 | Lair:4   | Reached ****** piety under Trog
 13947 | Lair:5   | Noticed Rupert
 13961 | Lair:5   | Killed Rupert
 13962 | Lair:5   | Reached skill level 20 in Axes
 13982 | Lair:5   | Received a gift from Trog
 14165 | Lair:5   | Found a gate leading to a gauntlet.
 14183 | Gauntlet | Entered a Gauntlet
 14183 | Gauntlet | Found a transporter.
 14183 | Gauntlet | Found a transporter.
 14183 | Gauntlet | Found a transporter.
 14183 | Gauntlet | Found a runed translucent gate.
 14262 | Gauntlet | Found a transporter.
 14263 | Gauntlet | Found a transporter.
 14264 | Gauntlet | Found a runed translucent gate.
 14265 | Gauntlet | Found a runed translucent gate.
 14266 | Gauntlet | Found a transporter.
 14272 | Gauntlet | Found a transporter.
 14275 | Gauntlet | Found a transporter.
 14277 | Gauntlet | Found a transporter.
 14279 | Gauntlet | Found a transporter.
 14282 | Gauntlet | Noticed a blizzard demon
 14285 | Gauntlet | Found a transporter.
 14285 | Gauntlet | Found a transporter.
 14707 | Gauntlet | Killed a blizzard demon
 14751 | Gauntlet | Identified the +2 cloak of Fase {Regen+}
 14795 | Gauntlet | Identified the +2 chain mail "Ycot" {Harm}
 14795 | Gauntlet | Noticed a minotaur
 14800 | Gauntlet | Killed a minotaur
 15539 | Lair:6   | Entered Level 6 of the Lair of Beasts
 15592 | Lair:6   | Found a staircase to the Slime Pits.
 15599 | Lair:6   | Reached XP level 14. HP: 127/127 MP: 14/14
 15665 | Lair:6   | Reached skill level 21 in Axes
 15682 | Lair:6   | Received a gift from Trog
 15818 | Lair:6   | Found a transporter.
 15852 | Lair:6   | Found the +7 great mace "Firestarter" {inner flame, rF++}
 15909 | Lair:6   | Found a one-way gate to the infinite horrors of the Abyss.
 15909 | Lair:6   | Noticed Viased's ghost (journeyman TeMo)
 16438 | Lair:6   | Reached skill level 22 in Axes
 16733 | Lair:6   | Received a gift from Trog
 16910 | Lair:6   | Found a transporter.
 17077 | Lair:3   | Reached XP level 15. HP: 125/138 MP: 15/15
 17143 | Lair:3   | Identified the +9 morningstar of Huxuoc {drain, rF++ Dex+7}
 18027 | D:12     | Noticed Erolcha
 18032 | D:12     | Killed Erolcha
 18328 | D:12     | Found Nedee's Serpentskin Sales.
 18456 | D:12     | Received a gift from Trog
 18933 | D:13     | Noticed dengdeng's ghost (journeyman MiBe)
 18933 | D:13     | Noticed a lich
 19078 | D:13     | Found a runed translucent door.
 19093 | D:13     | Found a runed translucent door.
 19525 | D:13     | Noticed an emperor scorpion
 19525 | D:13     | a death yak changed into an emperor scorpion
 19609 | D:14     | You fall into a shaft and drop 1 floor!
 19609 | D:15     | Entered Level 15 of the Dungeon
 19714 | D:14     | Reached skill level 23 in Axes
 19729 | D:14     | Found a gate to the Vaults.
 20122 | D:14     | Noticed Snorg
 20130 | D:14     | Killed Snorg
 20821 | Orc:1    | Entered Level 1 of the Orcish Mines
 20825 | Orc:1    | Received a gift from Trog
 20888 | Orc:1    | Found a flagged portal.
 20896 | Bailey   | Entered a bailey
 21029 | Bailey   | Found a roughly hewn altar of Beogh.
 21029 | Bailey   | Found the +8 Wrath of Trog {antimagic, *Rage Rampage}
 21048 | Bailey   | Identified the +5 bardiche "Tiyhatat" {spect, rElec Int+2}
 21624 | Orc:1    | Received a gift from Trog
 21848 | Orc:1    | Found a roughly hewn altar of Beogh.
 21927 | Orc:2    | Entered Level 2 of the Orcish Mines
 21994 | Orc:2    | Reached skill level 15 in Fighting
 21994 | Orc:2    | Reached XP level 16. HP: 106/149 MP: 16/16
 22147 | Orc:2    | Identified the +6 dagger of Exoneration {vorpal, Will++
                  | rCorr Int-3} (Trog gifted it to you on level 2 of the
                  | Orcish Mines)
 22147 | Orc:2    | Received a gift from Trog
 22152 | Orc:2    | Reached skill level 15 in Armour
 22157 | Orc:2    | Found Niqish's Jewellery Shop.
 22157 | Orc:2    | Found Afofadum's Antique Armour Shoppe.
 22160 | Orc:2    | Found Tikidgh's Book Emporium.
 22163 | Orc:2    | Found Ykkakep's Assorted Antiques.
 22271 | Orc:2    | Bought a polished plate armour for 980 gold pieces
 22271 | Orc:2    | Identified the +0 plate armour "Imyud" {rPois rN+ rCorr
                  | MP+9} (You bought it in a shop on level 2 of the Orcish
                  | Mines)
 22604 | Orc:2    | Found a staircase to the Elven Halls.
 22798 | Orc:2    | Bought slimy swamp dragon scales for 1925 gold pieces
 22798 | Orc:2    | Identified the +5 swamp dragon scales of Going Fast {rPois
                  | Str+2 Int+2} (You bought it in a shop on level 2 of the
                  | Orcish Mines)
 23109 | D:14     | Reached skill level 5 in Dodging
 23392 | D:15     | Found a broken altar of Ashenzari.
 23553 | D:15     | Reached skill level 24 in Axes
 23618 | D:15     | Found a staircase to the Depths.
 24091 | Snake:1  | Entered Level 1 of the Snake Pit
 24109 | Snake:1  | You fall into a shaft and drop 1 floor!
 24137 | Snake:1  | Identified the +2 battleaxe of Lile {flame, rElec rN+ rCorr
                  | Stlth-} (Trog gifted it to you on level 1 of the Snake Pit)
 24137 | Snake:1  | Received a gift from Trog
 24156 | Snake:1  | Slain by a naga warrior

Illustrated notes

Levels and vault maps discovered:
D:1:      nicolae_arrival_washed_ashore, layout_basic, lemuel_another_geyser
D:2:      minmay_razor_zed, layout_basic
D:3:      layout_rooms, brannock_xom_greatest_gift, minmay_diced_spiral
D:4:      layout_basic
D:5:      layout_loops_cross, grunt_temple_overflow_open, serial_shops,
          kennysheep_little_box
D:6:      layout_gridville, nicolae_wu_jian_wuxing_cycle, dk_noncrumbling_3,
          grunt_ministairs_11, mrwooster_statue_mirror
D:7:      layout_loops_corners, minmay_temple_entry_hall
D:8:      layout_basic, grunt_temple_overflow_cloverleaf
D:9:      layout_basic, david_lair_generic, minmay_orc_entry_temple_small
D:10:     layout_loops_ring, minmay_radiant, uniq_fannar, uniq_sonja
D:11:     layout_irregular_city
D:12:     layout_long_grid, guppyfry_shop_venom, uniq_erolcha
D:13:     layout_gridville, muffindrake_ghost_dual_entry
D:14:     layout_cave_pods, david_vaults_4, uniq_snorg
D:15:     grunt_enter_depths_hoard, layout_cross, evilmike_ruin_ashenzari,
          grunt_decor_mini_mirrors, lightli_fourway_metalbox
Lair:1:   layout_layer_cave, kennysheep_rathole, grunt_megastairs_2,
          lemuel_fruit_tree
Lair:2:   layout_chaotic_city, beast_lair_carwin_2
Lair:3:   layout_roguey, minmay_swamp_entry_worms, guppyfry_snake_entry_island,
          hangedman_lair_unloving_vines, grunt_megastairs_3,
          infiniplex_staircase_pool_2, minmay_lair_oklob_chamber
Lair:4:   layout_gridlike, grunt_megastairs_1
Lair:5:   layout_small_grid, gauntlet_entry_generic, infiniplex_staircase_pool,
          uniq_rupert
Lair:6:   hangedman_lair_in_review, layout_misc_corridors,
          hangedman_lair_caniforms_friends, minmay_slime_entry_jelly_boxes,
          gammafunk_ghost_abyssal_escape, serial_bayou_lake_a
Snake:1:  layout_rooms, portal_ice_cave_entry_ice_statue_one, basic_altar,
          minmay_shop_star
Snake:2:  layout_misc_corridors, drop_trap
Orc:1:    layout_caves, enter_bailey_3, basic_altar, nicolae_orc_crystal_geode
Orc:2:    st_orc_rangers, layout_caves

Skill      XL: |  1  2  3  4  5  6  7  8  9 10 11 12 13 14 15 16 |
---------------+-------------------------------------------------+-----
Axes           | 5 6 7 8 9 10 12 14 16 17 19 20 22 23 24 | 24.0
Armour         | 3 5 6 8 9 10 11 13 14 15 | 15.3
Fighting       | 5 8 9 11 12 14 15 | 15.4
Dodging        | 4 5 |  5.5

Action                   |  1- 3 |  4- 6 |  7- 9 | 10-12 | 13-15 | 16-18 || total
-------------------------+-------+-------+-------+-------+-------+-------++-------
Melee: Hand axe          |    83 |   223 |   321 |       |       |       ||   627
       Battleaxe         |       |       |    13 |   334 |   419 |       ||   766
       Executioner's axe |       |       |       |       |   378 |   159 ||   537
Invok: Berserk           |       |     3 |     8 |    15 |    20 |     3 ||    49
       Brothers in Arms  |       |       |       |       |     2 |     1 ||     3
Evoke: Wand              |       |       |       |       |     1 |       ||     1
  Use: Scroll            |       |     7 |     4 |    10 |    17 |     2 ||    40
       Potion            |       |       |       |       |     6 |       ||     6
 Stab: Sleeping          |     2 |       |       |       |       |       ||     2
Armor: Animal skin       |    14 |       |       |       |       |       ||    14
       Ring mail         |     9 |    31 |       |       |       |       ||    40
       Scale mail        |       |    71 |       |       |       |       ||    71
       Chain mail        |       |    14 |   173 |   253 |   574 |    71 ||  1085
       Plate armour      |       |       |       |       |       |    94 ||    94
Dodge: Dodged            |    48 |   100 |   111 |   159 |   399 |   123 ||   940
